 Dungeon Crawl Stone Soup version 0.15.0-14-g6bbbb5c (webtiles) character file.

96 HungrySpirit the Slasher (level 4, -2/33 HPs)
             Began as a Formicid Death Knight on Sept 4, 2014.
             Was a Believer of Yredelemnul.
             Killed from afar by a white imp (5 damage)
             ... with a puff of frost
             ... summoned by Natasha
             ... on Level 3 of the Dungeon.
             The game lasted 00:05:01 (3100 turns).

HungrySpirit the Slasher (Formicid Death Knight)    Turns: 3100, Time: 00:05:02

HP  -2/33        AC  7     Str 19      XL: 4   Next: 98%
MP   8/8         EV  7     Int 10      God: Yredelemnul [**....]
Gold 207         SH  0     Dex 10      Spells:  0 memorised,  3 levels left

rFire  . . .     SeeInvis +     a - +1 falchion
rCold  . . .     Clarity  .     m - -1 chain mail (curse)
rNeg   . . .     rCorr    .     (no shield)
rPois  .         rRot     .     (helmet unavailable)
rElec  .         Spirit   .     (no cloak)
SustAb +         Warding  .     (no gloves)
rMut   .         Stasis   +     (no boots)
Gourm  .                        (no amulet)
MR     .....                    s - ring of see invisible
                                b - ring of sustain abilities

@: lethally poisoned, not resistant to hostile enchantments, extremely
unstealthy
A: permanent stasis, dig shafts and tunnels, four strong arms, antennae 3
a: Dig, Shaft Self, Animate Remains, Recall Undead Slaves, Injury Mirror,
Renounce Religion


You were on level 3 of the Dungeon.
You worshipped Yredelemnul.
Yredelemnul was pleased with you.
You were not hungry.

You visited 1 branch of the dungeon, and saw 3 of its levels.

You collected 207 gold pieces.

Inventory:

Hand weapons
 a - a +1 falchion (weapon)
Armour
 m - a cursed -1 chain mail (worn)
Comestibles
 c - 4 bread rations
 q - a meat ration
Scrolls
 e - 2 scrolls of identify {unknown}
 f - a scroll of fear {unknown}
 i - a scroll of recharging {unknown}
 j - a scroll of random uselessness {unknown}
 w - a scroll of teleportation {unknown}
Jewellery
 b - a ring of sustain abilities (left hand)
 l - an uncursed ring of invisibility
 s - a ring of see invisible (right hand)
Potions
 d - a potion of brilliance {unknown}
 g - a potion of might {unknown}
 h - 2 potions of magic {unknown}
 k - 2 potions of poison
 n - a potion of confusion {unknown}
 o - 2 potions of heal wounds {unknown}
 p - a potion of beneficial mutation {unknown}
 r - a potion of restore abilities {unknown}
 t - 2 potions of agility {unknown}
 u - a potion of curing {unknown}
 v - a potion of haste {unknown}


   Skills:
 - Level 2.1 Fighting
 + Level 4.7 Long Blades
 - Level 1.1 Armour
 - Level 0.8 Dodging
 - Level 3.2 Invocations


You had 3 spell levels left.
You didn't know any spells.

Dungeon Overview and Level Annotations

Branches:
Dungeon (3/15)

Altars:
Nemelex Xobeh

Annotations:
D:3 Natasha


Innate Abilities, Weirdness & Mutations

Your are under a permanent stasis effect.
You can dig through walls and to a lower floor.
Your four strong arms can wield two-handed weapons with a shield.
You have a pair of large antennae on your head (SInv).


Message History

The puff of frost hits you!
* * * LOW HITPOINT WARNING * * *
Unknown command.
Drink which item? (? for menu, Esc to quit)
Okay, then.
Use which ability? (? or * to list)
Okay, then.
Drink which item? (? for menu, Esc to quit)
That liquid tasted very nasty...
You are lethally poisoned!
It was a potion of poison.
* * * LOW HITPOINT WARNING * * *
You feel sick. The adder barely misses you. Natasha claws you.
* * * LOW HITPOINT WARNING * * *
The white imp hits you but does no damage.
The adder barely misses you. The white imp gestures at you.
The puff of frost hits you!
You die...
Your body rises from the dead as a mindless zombie.

##...##...###..#..##
##.....#(### #####.#
#........# #.#
#.......## #.#
#.......# #..
##.....## ###
##.....#####
#....5.....#
#...@h)....#
#..55S....?#
##<........#
##...(.?....
#........##
#.?....... #........
#....... ####


You could see Natasha, an adder and 3 white imps.

Vanquished Creatures
  3 adders
  2 worms
  2 oozes (D:2)
  2 orcs
  8 goblins
  A hobgoblin (D:1)
  8 kobolds
  A quokka (D:2)
  8 bats
  5 giant cockroaches
  3 giant geckos
  3 giant newts
  6 rats
52 creatures vanquished.

Vanquished Creatures (collateral kills)
  2 goblins
  A bat (D:1)
  A rat (D:1)
4 creatures vanquished.

Vanquished Creatures (others)
  2 bat zombies
  A kobold zombie (D:3)
  An orc zombie (D:3)
  2 rat zombies (D:2)
6 creatures vanquished.

Grand Total: 62 creatures vanquished

Notes
Turn   | Place    | Note
--------------------------------------------------------------
     0 | D:1      | HungrySpirit, the Formicid Death Knight, began the quest for the Orb.
     0 | D:1      | Reached XP level 1. HP: 16/16 MP: 2/2
   316 | D:1      | Reached XP level 2. HP: 22/22 MP: 5/5
   838 | D:1      | Reached XP level 3. HP: 24/27 MP: 4/6
  1764 | D:2      | Reached XP level 4. HP: 33/33 MP: 8/8
  2009 | D:2      | Reached skill level 4 in Long Blades
  2067 | D:2      | Acquired Yredelemnul's second power
  2421 | D:2      | Found a sparkling altar of Nemelex Xobeh.
  3087 | D:3      | Noticed Natasha
  3100 | D:3      | Killed from afar by a white imp

Action                   |  1- 3 |  4- 6 || total
-------------------------+-------+-------++-------
Melee: Falchion          |   100 |   102 ||   202
Invok: Animate Remains   |     4 |     7 ||    11
  Use: Potion            |       |     1 ||     1
 Stab: Distracted        |       |     1 ||     1
  Eat: Chunk             |     1 |     2 ||     3
       Bread ration      |       |     1 ||     1
